 Dungeon Crawl Stone Soup version 0.19.1-1-g22dce08 (webtiles) character file.

2625 markt42 the Basher (level 9, -1/54 HPs)
             Began as a Gargoyle Monk on Jan 8, 2017.
             Slain by markt42's ghost (3 damage)
             ... on level 8 of the Dungeon.
             The game lasted 00:10:27 (10359 turns).

markt42 the Basher (Gargoyle Monk)                 Turns: 10359, Time: 00:10:27

Health: -1/54      AC: 30    Str: 18    XL:     9   Next: 60%
Magic:  9/9        EV:  3    Int: 11    God:
Gold:   358        SH:  0    Dex: 12    Spells: 0 memorised, 8 levels left

rFire  . . .     SeeInvis .     r - +0 flail
rCold  . . .     Gourm    .     f - +0 crystal plate armour
rNeg   + + .     Faith    .     (no shield)
rPois  ∞         Spirit   .     (no helmet)
rElec  +         Reflect  .     n - +0 cloak
rCorr  .         Harm     .     (no gloves)
MR     .....                    i - +0 pair of boots
Stlth  ..........               (no amulet)
                                q - ring of positive energy
                                p - +5 ring of protection

@: no status effects
A: talons 1, blurry vision 1, negative energy resistance 1, electricity
resistance, unbreathing, petrification resistance, rot immunity, AC +5
a: no special abilities


You were on level 8 of the Dungeon.
You were not hungry.

You visited 2 branches of the dungeon, and saw 9 of its levels.

You collected 358 gold pieces.

Inventory:

Hand Weapons
 r - a +0 flail (weapon)
Armour
 f - a +0 crystal plate armour (worn)
 i - a +0 pair of boots (worn)
 n - a +0 cloak (worn)
Jewellery
 p - a +5 ring of protection (left hand)
 q - a ring of positive energy (right hand)
Scrolls
 d - 5 scrolls of teleportation {unknown}
 e - 5 scrolls of identify {unknown}
 g - 4 scrolls of remove curse {unknown}
 j - 4 scrolls of fog {unknown}
 k - 2 scrolls of recharging {unknown}
 m - 5 scrolls of random uselessness {unknown}
 s - a scroll of noise {unknown}
Potions
 h - a potion of flight
Books
 b - a book of Minor Magic

   Spells                             Type                      Level
   a - Magic Dart                     Conjuration                  1
   b - Blink                          Translocation                2
   c - Call Imp                       Summoning                    2
   d - Repel Missiles                 Charms/Air                   2
   e - Slow                           Hexes                        2
   f - Conjure Flame                  Conjuration/Fire             3
   g - Mephitic Cloud                 Conjuration/Poison/Air       3
Comestibles
 c - 3 bread rations


   Skills:
 + Level 5.4 Fighting
 * Level 10.2 Maces & Flails
 * Level 5.3 Armour
 + Level 4.1 Dodging
 + Level 4.1 Stealth


You had 8 spell levels left.
You didn't know any spells.

Dungeon Overview and Level Annotations

Branches:
Dungeon (8/15)             Temple (1/1) D:5
   Lair: D:8-11

Altars:
Ashenzari
Cheibriados
Dithmenos
Fedhas
Gozag
Kikubaaqudgha
Nemelex Xobeh
Qazlal
Ru
Sif Muna
Trog
Uskayaw
Vehumet
Xom
Yredelemnul
Zin
The Shining One

Shops:
D:6 :

Annotations:
D:8 markt42's ghost, novice GrMo


Innate Abilities, Weirdness & Mutations

You are resistant to torment.
Your stone body is resilient. (AC +5)
You are immune to poison.
You resist negative energy. (rN+)
You are resistant to electric shocks. (rElec)
You can survive without breathing.
You are immune to petrification.
You are immune to rotting.
You have sharp toenails.
Scrolls take you a little longer to read.


Message History

Markt42's ghost is severely damaged.
You hit markt42's ghost but do no damage.
Markt42's ghost is severely damaged.
Markt42's ghost hits you but does no damage.
You hit markt42's ghost but do no damage.
Markt42's ghost is severely damaged.
You feel a little less agile now. Markt42's ghost hits you.
* * * LOW HITPOINT WARNING * * *
Markt42's ghost freezes you.
* * * LOW HITPOINT WARNING * * *
Markt42's ghost wails, "They lied to you.
The Dungeon just goes down and down forever."
Markt42's ghost hits you but does no damage.
Markt42's ghost hits you but does no damage.
Markt42's ghost makes a sound of rattling chains.
There is a stone staircase leading up here.
Markt42's ghost hits you.
* * * LOW HITPOINT WARNING * * *
Markt42's ghost freezes you.
You die...

#..........
##.$....... ######
#......... ###....#
##.........
##.?....###..........
##.......##..#........
...........####.......
..........## ####..#
.......@W## ##
.......### #######


You could see markt42's ghost.

Vanquished Creatures
  The ghost of sveltemanboy the Destroyer, a novice TeCj (D:5)
  A two-headed ogre (D:7)
  Sigmund (D:4)
  A hungry ghost (D:7)
  A hornet zombie (D:7)
  An orc warrior (D:7)
  An ice beast (D:5)
  4 ogres
  2 centaurs
  2 bullfrogs
  3 scorpions
  4 wights (D:6)
  3 hounds
  An orc priest (D:7)
  An orc wizard (D:7)
  A centaur skeleton (D:4)
  2 iguanas
  Natasha (thrice) (D:4)
  A worker ant (D:4)
  2 hound skeletons
  A howler monkey skeleton (D:4)
  6 adders
  2 shadow imps
  2 oozes
  4 adder skeletons
  8 worms
  4 dart slugs
  6 leopard geckos
  17 orcs
  A ball python (D:4)
  3 giant cockroaches
  5 goblins
  10 hobgoblins
  18 jackals
  6 kobolds
  4 quokkas
  6 bats
  2 frilled lizards
  13 rats
154 creatures vanquished.

Notes
Turn   | Place    | Note
-------+----------+-------------------------------------------
     0 | D:1      | markt42 the Gargoyle Monk began the quest for the Orb.
     0 | D:1      | Reached XP level 1. HP: 14/14 MP: 1/1
    51 | D:1      | Found a shattered altar of Ashenzari.
   165 | D:1      | Reached XP level 2. HP: 15/19 MP: 2/2
   582 | D:1      | Reached XP level 3. HP: 23/23 MP: 3/3
   674 | D:1      | Reached skill level 1 in Armour
  1218 | D:2      | Reached skill level 4 in Maces & Flails
  1335 | D:2      | Reached XP level 4. HP: 25/28 MP: 4/4
  2825 | D:3      | Reached XP level 5. HP: 30/33 MP: 5/5
  2996 | D:3      | Found a shimmering altar of Xom.
  3119 | D:4      | Noticed Sigmund
  3139 | D:4      | Killed Sigmund
  3139 | D:4      | Reached skill level 5 in Maces & Flails
  3139 | D:4      | Reached XP level 6. HP: 36/38 MP: 6/6
  3827 | D:4      | Noticed Natasha
  3841 | D:4      | Killed Natasha
  3841 | D:4      | Reached skill level 6 in Maces & Flails
  3872 | D:4      | Reached XP level 7. HP: 31/43 MP: 7/7
  3980 | D:4      | Noticed Natasha
  4013 | D:4      | Killed Natasha
  4672 | D:4      | Noticed Natasha
  4697 | D:4      | Killed Natasha
  5226 | D:5      | Entered Level 5 of the Dungeon
  5294 | D:5      | Reached skill level 7 in Maces & Flails
  5294 | D:5      | Reached XP level 8. HP: 32/48 MP: 8/8
  5459 | D:5      | Noticed sveltemanboy's ghost (novice TeCj)
  5468 | D:5      | Killed sveltemanboy's ghost
  5468 | D:5      | Reached skill level 8 in Maces & Flails
  5513 | D:5      | Found a staircase to the Ecumenical Temple.
  5519 | Temple   | Entered the Ecumenical Temple
  5789 | D:5      | Found a shadowy altar of Dithmenos.
  6207 | D:6      | Found a blossoming altar of Fedhas.
  6573 | D:6      | Found Ruydoep's Book Shop.
  6625 | D:6      | Reached skill level 9 in Maces & Flails
  6736 | D:6      | Reached XP level 9. HP: 47/53 MP: 9/9
  7125 | D:6      | Reached skill level 5 in Fighting
  7299 | D:7      | Noticed a two-headed ogre
  7316 | D:7      | Killed a two-headed ogre
  7316 | D:7      | Reached skill level 5 in Armour
  7620 | D:7      | Reached skill level 10 in Maces & Flails
  8055 | D:8      | Noticed markt42's ghost (novice GrMo)
 10257 | D:7      | Gained mutation: You have sharp toenails. [potion of mutation]
 10257 | D:7      | Gained mutation: Scrolls take you a little longer to read. [potion of mutation]
 10359 | D:8      | HP: 2/54 [markt42's ghost (6)]
 10359 | D:8      | Slain by markt42's ghost

Skill      XL: |  1  2  3  4  5  6  7  8  9 |
---------------+----------------------------+-----
Armour         | 1 2 3 4 5 |  5.3
Maces & Flails | 4 5 6 7 9 10 | 10.2
Fighting       | 4 5 |  5.4
Dodging        | 3 4 |  4.1
Stealth        | 3 4 |  4.1

Action                   |  1- 3 |  4- 6 |  7- 9 || total
-------------------------+-------+-------+-------++-------
Melee: Mace              |   147 |   134 |       ||   281
       Flail             |       |    84 |   639 ||   723
  Use: Potion            |       |     2 |     5 ||     7
 Stab: Sleeping          |     4 |     8 |     7 ||    19
       Distracted        |       |     1 |       ||     1
  Eat: Chunk             |     1 |     9 |    13 ||    23
       Pizza             |       |       |     2 ||     2
       Beef jerky        |       |       |     2 ||     2
       Meat ration       |       |       |     1 ||     1
       Bread ration      |       |       |     1 ||     1
Armor: Robe              |    69 |    68 |   110 ||   247
       Crystal plate arm |       |       |   136 ||   136
       Chain mail        |       |       |    63 ||    63
       Plate armour      |       |       |    52 ||    52
Dodge: Dodged            |   171 |   165 |   261 ||   597
